 Dungeon Crawl Stone Soup version 0.31.0-12-g77e489cdc1 (webtiles) character file.

Game seed: 5527731600261340565

231 Fodor the Chopper (level 5, -11/47 HPs)
             Began as a Minotaur Fighter on Feb 27, 2024.
             Mangled by an ogre
             ... wielding a +0 giant spiked club
              (26 damage)
             ... on level 4 of the Dungeon.
             The game lasted 00:08:01 (2195 turns).

Fodor the Chopper (Minotaur Fighter)                Turns: 2195, Time: 00:08:02

Health: -11/47     AC: 10    Str: 22    XL:     5   Next: 73%
Magic:  4/4        EV:  8    Int:  5    God:
Gold:   119        SH:  9    Dex: 10    Spells: 4/4 levels left

rFire   . . .        a - +0 war axe
rCold   . . .        c - +0 buckler
rNeg    . . .        k - +0 chain mail
rPois   .            (helmet restricted)
rElec   .            (no cloak)
rCorr   .            (no gloves)
SInv    .            i - +0 pair of boots
Will    .....        m - amulet of reflection Stlth
                     (no ring)
HPRegen 0.27/turn    (no ring)
MPRegen 0.09/turn

%: reflection
@: no status effects
A: horns 2, retaliatory headbutt
a: no special abilities


You were on level 4 of the Dungeon.
You visited 1 branch of the dungeon, and saw 4 of its levels.

You collected 119 gold pieces.

Inventory:

Hand Weapons
 a - a +0 war axe (weapon)
 u - a +4 sling
Armour
 b - a +0 scale mail
 c - a +0 buckler (worn)
 i - a +0 pair of boots (worn)
 k - a +0 chain mail (worn)
Jewellery
 m - an amulet of reflection (around neck)
 v - a ring of flight
Wands
 o - a wand of flame (6)
Scrolls
 f - 3 scrolls of teleportation {unknown}
 h - 5 scrolls of identify {unknown}
 q - a scroll of revelation {unknown}
 s - a scroll of blinking {unknown}
 t - a scroll of vulnerability {unknown}
Potions
 d - a potion of might
 e - 2 potions of mutation {unknown}
 g - a potion of curing {unknown}
 j - 2 potions of enlightenment {unknown}
 l - 4 potions of haste {unknown}
 n - a potion of brilliance {unknown}
 p - a potion of ambrosia {unknown}
 r - 2 potions of heal wounds {unknown}


   Skills:
 + Level 4.6 Fighting
 + Level 5.2 Axes
 + Level 4.4 Armour
 + Level 1.1 Dodging
 + Level 0.6 Stealth
 + Level 4.4 Shields


You had 4 spell levels left.
You didn't know any spells.
Your spell library contained the following spells:

 Spells                   Type           Power      Damage    Failure   Level
 Call Imp                 Summ           0%         N/A       99%         2
 Lesser Beckoning         Tloc           0%         N/A       99%         2
 Sublimation of Blood     Necr           0%         N/A       99%         2
 Gell's Gravitas          Tloc           0%         N/A       100%        3
 Teleport Other           Tloc           0%         N/A       100%        3
 Summon Hydra             Summ           0%         N/A       100%        7


Dungeon Overview and Level Annotations

Branches:
Dungeon (4/15)
 Temple: D:4-7

Altars:
Cheibriados
Dithmenos
Hepliaklqana
Qazlal
Sif Muna
Xom

Shops:
D:1 :


Innate Abilities, Weirdness & Mutations

You have a pair of horns on your head.
You reflexively headbutt those who attack you in melee.


Message History

You hit the ogre.
The ogre is lightly wounded.
You block the ogre's attack.
You hit the ogre. You headbutt the ogre.
The ogre is lightly wounded.
The ogre hits you with a +0 giant spiked club.
You barely miss the ogre.
The ogre is lightly wounded.
A goblin comes into view. It is wielding a +0 dagger.
The ogre closely misses you.
You barely miss the ogre.
The goblin shouts!
You headbutt the ogre.
The ogre is moderately wounded.
The ogre barely misses you.
You completely miss the ogre.
The ogre is moderately wounded.
The ogre barely misses you.
You barely miss the ogre.
The ogre is moderately wounded.
The ogre barely misses you.
You hit the ogre. You headbutt the ogre!
The ogre is severely wounded.
You barely miss the ogre.
The ogre is severely wounded.
The ogre hits you with a +0 giant spiked club!!
Ouch! That really hurt!
You hit the ogre but do no damage.
The ogre is severely wounded.
The ogre hits you with a +0 giant spiked club.
* * * LOW HITPOINT WARNING * * *
You hit the ogre.
You headbutt the ogre, but do no damage.
The ogre is severely wounded.
The ogre misses you.
You barely miss the ogre.
The ogre is severely wounded.
The ogre hits you with a +0 giant spiked club!!
Ouch! That really hurt!
You die...

####.# ##....# .# #.#
#....# #.# #..... #(#
#.) #.# #..## #.# #..#
## #.# #.#..
############# #.#.#
............####@#.# .
...............#O#.# .#
............#..#g#.# S..
############...#.#.#....
##.....#......
#......#......
#.............
#.............
#.............


You could see an ogre and a goblin.

Vanquished Creatures
  Natasha (thrice) (D:3)
  Robin (D:2)
  4 gnolls (D:3)
  3 adders
  2 dart slugs
  A ribbon worm (D:2)
  An orc (D:4)
  4 endoplasms
  A giant cockroach (D:1)
  11 goblins
  12 hobgoblins
  2 jackals (D:2)
  5 quokkas
  7 ball pythons
  4 bats
  6 frilled lizards
  12 kobolds
  6 rats
85 creatures vanquished.

Vanquished Creatures (others)
  A kobold (D:3)
1 creature vanquished.

Grand Total: 86 creatures vanquished

Notes
Turn   | Place    | Note
-------+----------+-------------------------------------------
     0 | D:1      | Fodor the Minotaur Fighter began the quest for the Orb.
     0 | D:1      | Reached XP level 1. HP: 19/19 MP: 0/0
    85 | D:1      | Reached XP level 2. HP: 27/27 MP: 1/1
   361 | D:1      | Reached skill level 3 in Axes
   492 | D:1      | Found Nekoff Fotie's Book Shoppe.
   555 | D:2      | Reached XP level 3. HP: 30/33 MP: 2/2
  1022 | D:2      | Reached XP level 4. HP: 40/40 MP: 3/3
  1150 | D:2      | Noticed Robin
  1170 | D:2      | Killed Robin
  1171 | D:2      | Reached skill level 4 in Axes
  1310 | D:2      | Reached skill level 1 in Dodging
  1420 | D:3      | Reached XP level 5. HP: 43/47 MP: 4/4
  1646 | D:3      | Found a radiant altar of Vehumet.
  1649 | D:3      | Found a snail-covered altar of Cheibriados.
  1649 | D:3      | Found a shadowy altar of Dithmenos.
  1651 | D:3      | Found a shimmering altar of Xom.
  1651 | D:3      | Found a shimmering blue altar of Sif Muna.
  1651 | D:3      | Found a stormy altar of Qazlal.
  1710 | D:3      | Noticed Natasha
  1718 | D:3      | Killed Natasha
  1759 | D:3      | Noticed Natasha
  1768 | D:3      | Killed Natasha
  1769 | D:3      | Reached skill level 5 in Axes
  1856 | D:3      | Noticed Natasha
  1862 | D:3      | Killed Natasha
  2061 | D:4      | Found a hazy altar of Hepliaklqana.
  2166 | D:4      | Noticed an ogre
  2195 | D:4      | Mangled by an ogre

Illustrated notes

Levels and vault maps discovered:
D:1:      spicycebolla_green_bress_n_ham_2, layout_rooms, serial_shops,
          nicolae_shop_back_alley_shop
D:2:      layout_loops_ring, st_stairs_4, hangedman_decor_opposing,
          minmay_tetromino_t2, uniq_robin
D:3:      layout_rooms, doesnt_xom_only_xom, small_statue_intersection,
          uniq_natasha
D:4:      layout_cave_pods, nzn_hepliaklqana_mist_gate, serial_co_window_serial,
          co_window_corner_a, co_window_paths_a, co_window_paths_b,
          co_window_of_opportunity_a, co_window_paths_a,
          co_window_of_opportunity_b, co_window_unsneaky_path_a,
          co_window_2corner, co_window_of_opportunity_c,
          co_window_of_opportunity_b, co_window_unsneaky_path_d,
          co_window_broadway_a, co_window_4corner_b, glass_columns_b,
          glass_columns_b, glass_columns_b, uniq_sigmund

Skill      XL: |  1  2  3  4  5 |
---------------+----------------+-----
Armour         | 4 |  4.4
Fighting       | 4 |  4.6
Axes           | 3 4 5 |  5.2
Shields        | 4 |  4.4
Dodging        | 1 |  1.1
Stealth        | |  0.6

Action                     |  1- 3 |  4- 6 || total
---------------------------+-------+-------++-------
  Melee: War axe           |    91 |    98 ||   189
         Headbutt          |    12 |    11 ||    23
 Armour: Scale mail        |    65 |       ||    65
         Chain mail        |    15 |    59 ||    74
  Dodge: Dodged            |    48 |    28 ||    76
  Block: Buckler           |    25 |    64 ||    89
         Reflection        |     1 |     3 ||     4
